 Dungeon Crawl Stone Soup version 0.31-a0-524-g2a164cf6a2 (webtiles) character file.

Game seed: 6990803554851523964

19 AdnanSaban the Shield-Bearer (level 2, 0/19 HPs)
             Began as a Gargoyle Fighter on Aug 12, 2023.
             Slain by a kobold
             ... wielding a +0 short sword
              (2 damage)
             ... on level 1 of the Dungeon.
             The game lasted 00:00:40 (731 turns).

AdnanSaban the Shield-Bearer (Gargoyle Fighter)      Turns: 731, Time: 00:00:41

Health: 0/19       AC:  9    Str: 19    XL:     2   Next: 75%
Magic:  2/2        EV:  9    Int:  8    God:
Gold:   28         SH:  4    Dex:  9    Spells: 1/1 levels left

rFire   . . .        a - +0 flail
rCold   . . .        c - +0 buckler
rNeg    + . .        b - +0 scale mail
rPois   ∞            (no helmet)
rElec   +            (no cloak)
rCorr   .            (no gloves)
SInv    .            (no boots)
Will    .....        (no amulet) Stlth
                     (no ring)
HPRegen 0.23/turn    (no ring)
MPRegen 0.08/turn

%: no passive effects
@: no status effects
A: sickness immunity, AC +2, negative energy resistance 1, electricity
resistance, torment resistance 1, petrification resistance
a: no special abilities


You were on level 1 of the Dungeon.
You visited 1 branch of the dungeon, and saw 2 of its levels.

You collected 28 gold pieces.

Inventory:

Hand Weapons
 a - a +0 flail (weapon)
Armour
 b - a +0 scale mail (worn)
 c - a +0 buckler (worn)
Jewellery
 f - a ring of wizardry
 m - a +6 ring of dexterity
Scrolls
 e - 2 scrolls of identify {unknown}
 h - a scroll of fear {unknown}
 i - a scroll of teleportation {unknown}
Potions
 d - a potion of might
 g - a potion of invisibility {unknown}
 j - a potion of resistance {unknown}
 k - 2 potions of attraction {unknown}
 l - a potion of haste {unknown}


   Skills:
 + Level 3.6 Fighting
 + Level 2.2 Maces & Flails
 + Level 3.4 Armour
 + Level 3.7 Shields


You had one spell level left.
You didn't know any spells.
Your spell library was empty.

Dungeon Overview and Level Annotations

Branches:
Dungeon (2/15)

Altars:

Shops:
D:1 ?


Innate Abilities, Weirdness & Mutations

You are immune to sickness and miasma.
Your stone body is resilient. (AC +2)
You are immune to poison.
You resist negative energy. (rN+)
You are resistant to electric shocks. (rElec)
You are resistant to unholy torment.
You are immune to petrification.


Message History

The adder closely misses you.
The kobold hits you with a +0 short sword.
You closely miss the adder. The adder closely misses you.
The kobold hits you but does no damage. The adder completely misses you.
You closely miss the adder. The kobold hits you but does no damage.
The adder barely misses you.
You miss the adder. The adder completely misses you.
The kobold hits you with a +0 short sword.
You block the adder's attack.
You completely miss the adder.
The kobold hits you with a +0 short sword.
The adder bites you. The kobold completely misses you.
The adder bites you but does no damage.
You are too injured to fight recklessly!
You are too injured to fight recklessly!
You are too injured to fight recklessly!
You are too injured to fight recklessly!
You are too injured to fight recklessly!
You are too injured to fight recklessly!
You are too injured to fight recklessly!
You are too injured to fight recklessly!
You are too injured to fight recklessly!
You are too injured to fight recklessly!
You are too injured to fight recklessly!
You are too injured to fight recklessly!
You are too injured to fight recklessly!
You are too injured to fight recklessly!
You are too injured to fight recklessly!
You are too injured to fight recklessly!
The kobold hits you with a +0 short sword.
* * * LOW HITPOINT WARNING * * *
You miss the adder. The adder closely misses you.
You block the kobold's attack. The adder bites you.
* * * LOW HITPOINT WARNING * * *
You closely miss the adder. You block the adder's attack.
The kobold hits you with a +0 short sword.
* * * LOW HITPOINT WARNING * * *
The adder bites you but does no damage.
The kobold hits you with a +0 short sword.
You die...

## #~≈≈≈~.©<©.~≈#
##....#
.#####~≈≈≈~...~≈≈#
#..####
...###≈≈≈≈~~.~~≈≈###.##
##...#~≈≈≈≈≈≈.≈≈≈##..#
###...≈≈≈≈≈.≈≈≈~...#####
###..≈≈≈.≈≈~~........#
####..........#.[..#.#
#...........K.#....#.#
#..........>S@.....'.#
#..........####....###
#..........# #....#
##########.# #....# #.#
#....# #.####....#
#.........# ######....#
#....#


You could see an adder and a kobold.

Vanquished Creatures
  An endoplasm (D:1)
  A goblin (D:1)
  2 hobgoblins (D:1)
  3 kobolds (D:1)
  A quokka (D:1)
  5 ball pythons (D:1)
  2 bats (D:1)
  2 rats (D:1)
17 creatures vanquished.

Notes
Turn   | Place    | Note
-------+----------+-------------------------------------------
     0 | D:1      | AdnanSaban the Gargoyle Fighter began the quest for the
                  | Orb.
     0 | D:1      | Reached XP level 1. HP: 14/14 MP: 1/1
   201 | D:1      | Reached XP level 2. HP: 16/19 MP: 2/2
   270 | D:1      | Found Jamna's Magic Scroll Emporium.
   731 | D:1      | Slain by a kobold

Illustrated notes

Levels and vault maps discovered:
D:1:      spicycebolla_arrival_transporter_tutorial, layout_basic, serial_shops,
          nicolae_shop_rolling_square
D:2:      layout_loops_ring, dreamdust_ecumenical_altar_drowned_temple,
          grunt_ministairs_9

Action                     || total
---------------------------++-------
  Melee: Flail             ||    82
 Armour: Scale mail        ||    62
  Dodge: Dodged            ||    61
  Block: Buckler           ||    38

Table legend: (Time is in decaauts)
 A = Elapsed time spent in this place.
 B = Non-inter-level travel time spent in this place.
 C = Inter-level travel time spent in this place.
 D = Time resting spent in this place.
 E = Time spent auto-exploring this place.
 F = Levels seen in this place.
 G = Mean time per level.
                   A        B        C        D        E       F      G
               +--------+--------+--------+--------+--------+-----+--------+
         Total |    759 |    701 |     58 |      0 |    509 |   2 |  379.5 |
       Dungeon |    759 |    701 |     58 |      0 |    509 |   2 |  379.5 |
               +--------+--------+--------+--------+--------+-----+--------+

Top non-repeatable levels by time:
     D:1: 755 daAuts
     D:2: 3 daAuts
